 Dungeon Crawl Stone Soup version 0.31-a0-188-g5e087ee2ca (webtiles) character file.

Game seed: 4002842344894030203

36 LnG the Caller (level 3, -2/19 HPs)
             Began as a Kobold Summoner on June 22, 2023.
             Slain by an ufetubus (4 damage)
             ... on level 2 of the Dungeon on June 23, 2023.
             The game lasted 00:05:42 (1822 turns).

LnG the Caller (Kobold Summoner)                    Turns: 1822, Time: 00:05:43

Health: -2/19      AC:  2    Str:  5    XL:     3   Next: 57%
Magic:  1/6        EV: 15    Int: 18    God:
Gold:   63         SH:  0    Dex: 15    Spells: 0/6 levels left

rFire   . . .        c - +0 dagger
rCold   . . .        (no shield)
rNeg    . . .        a - +0 robe
rPois   .            (no helmet)
rElec   .            (no cloak)
rCorr   .            (no gloves)
SInv    .            (no boots)
Will    .....        (no amulet)
Stlth   +++          (no ring)
HPRegen 0.23/turn    (no ring)
MPRegen 0.10/turn

%: no passive effects
@: about to teleport, very slightly contaminated
A: small, no large weapons, nightstalker 3
a: no special abilities


You were on level 2 of the Dungeon.
You visited 1 branch of the dungeon, and saw 2 of its levels.

You collected 63 gold pieces.

Inventory:

Hand Weapons
 c - a +0 dagger (weapon)
Missiles
 k - a throwing net
Armour
 a - a +0 robe (worn)
Scrolls
 d - 2 scrolls of teleportation
 e - 2 scrolls of identify {unknown}
 f - a scroll of silence {unknown}
 g - a scroll of immolation {unknown}
 h - a scroll of fog {unknown}
 i - 2 scrolls of revelation {unknown}
 l - a scroll of acquirement {unknown}
Potions
 b - a potion of magic
 j - a potion of heal wounds {unknown}


   Skills:
 + Level 0.1 Fighting
 + Level 0.9 Short Blades
 * Level 2.8 Dodging
 * Level 2.9 Stealth
 + Level 2.3 Spellcasting
 + Level 4.6 Summonings


You couldn't memorise any spells.
You knew the following spells:

 Your Spells              Type           Power      Damage    Failure   Level
a - Summon Small Mammal   Summ           72%        N/A       2%          1
b - Call Imp              Summ           36%        N/A       3%          2
c - Call Canine Familiar  Summ           18%        N/A       8%          3

Your spell library contained the following spells:

 Spells                   Type           Power      Damage    Failure   Level
 Summon Guardian Golem    Hex/Summ       10%        N/A       21%         3
 Summon Lightning Spire   Summ/Air       10%        N/A       54%         4


Dungeon Overview and Level Annotations

Branches:
Dungeon (2/15)

Altars:


Innate Abilities, Weirdness & Mutations

You are small and have problems with some larger weapons.
You are completely attuned to the shadows.


Message History

l - a scroll labelled EPETEIKIMYC You see here a hobgoblin skeleton.
A worm comes into view.
The helpless worm fails to defend itself.
You puncture the worm!
The worm is severely wounded.
The worm bites you!
Casting: Call Imp (safe; 3% risk of failure)
Confirm with . or Enter, or press ? or * to list all spells.
The spell is extremely dangerous to miscast (8% risk of failure)!
Continue anyway?
You miscast Call Canine Familiar.
You are very lightly contaminated with residual magic.
Distant voices call out in your mind.
A nameless horror comes into view.
An ufetubus comes into view.
The ufetubus shouts!
The ufetubus attacks as you move away! The ufetubus closely misses you.
The ufetubus barely misses you. The ufetubus hits you. The ufetubus misses you.
Casting: Call Canine Familiar (extremely dangerous; 8% risk of failure)
Confirm with . or Enter, or press ? or * to list all spells.
The spell is extremely dangerous to miscast (8% risk of failure)!
Continue anyway?
You miscast Call Canine Familiar.
Nothing appears to happen.
The ufetubus closely misses you.
The ufetubus hits you but does no damage.
The ufetubus attacks as you move away! The ufetubus hits you.
The ufetubus closely misses you. The ufetubus misses you.
The ufetubus closely misses you. The ufetubus attacks as you move away!
The ufetubus hits you. The ufetubus completely misses you.
The ufetubus attacks as you move away! The ufetubus hits you.
* * * LOW HITPOINT WARNING * * *
The ufetubus completely misses you. The ufetubus misses you.
The ufetubus closely misses you.
As you read the scroll of teleportation, it crumbles to dust.
You feel strangely unstable. The ufetubus hits you.
* * * LOW HITPOINT WARNING * * *
The ufetubus barely misses you. The ufetubus attacks as you move away!
The ufetubus hits you.
You die...

#.# #...#†..##.. .### #.#
#.#.#.#.##..#.#.# #.#
#.#.#.#####..#.# ####.###
##.#...# #..#..#
#......####.##...####..#.##
#÷####......#..#..#.#.....##
#.# #####....###.....8.8...
#.# ##.#..#..#.#.....##. #.#
#.##..@####..#.### #.#
##.#..5# #..#..#.# ..#
#.#.#.#####..#.## #.#
#.#.#.#.##..#.#.# .##
#...#w..##....### .#
##..#..####...## .#
##....#.#.#...# .#
#####..##X###....## .#
#.##...#.#.#.#....#


You could see a worm and an ufetubus.

Vanquished Creatures
  2 dart slugs
  A giant cockroach (D:1)
  5 goblins
  A hobgoblin (D:2)
  2 jackals (D:1)
  5 ball pythons
  2 bats
  A frilled lizard (D:2)
  A rat (D:2)
20 creatures vanquished.

Vanquished Creatures (collateral kills)
  A dart slug (D:1)
  A giant cockroach (D:1)
  A hobgoblin (D:1)
  A jackal (D:1)
  A quokka (D:1)
  A bat (D:1)
  A frilled lizard (D:1)
  A rat (D:1)
8 creatures vanquished.

Grand Total: 28 creatures vanquished

Notes
Turn   | Place    | Note
-------+----------+-------------------------------------------
     0 | D:1      | LnG the Kobold Summoner began the quest for the Orb.
     0 | D:1      | Reached XP level 1. HP: 10/10 MP: 3/3
   106 | D:1      | Reached XP level 2. HP: 7/15 MP: 3/5
   109 | D:1      | Learned a level 2 spell: Call Imp
   431 | D:1      | Upgraded the game from 0.31-a0-187-gba352fbbf7 to
                  | 0.31-a0-188-g5e087ee2ca
   594 | D:1      | Reached XP level 3. HP: 17/19 MP: 3/6
   891 | D:1      | Learned a level 3 spell: Call Canine Familiar
   916 | D:1      | Found a faded altar of an unknown god.
  1808 | D:2      | Noticed a nameless horror
  1822 | D:2      | Slain by an ufetubus

Illustrated notes

Levels and vault maps discovered:
D:1:      erik_arrival_orb_chamber, layout_loops_ring,
          hellmonk_ecumenical_altar_crossroads, minmay_crystal_room,
          minmay_pentomino_q2
D:2:      wad_crossroads, layout_loops_ring

Action                     || total
---------------------------++-------
  Melee: Dagger            ||    98
         Unarmed           ||     3
         Punch             ||     3
   Cast: Summon Small Mamm ||     4
         Call Imp          ||     4
    Use: Scroll            ||     2
   Stab: Sleeping          ||     8
 Armour: Robe              ||    24
  Dodge: Dodged            ||   108

Table legend: (Time is in decaauts)
 A = Elapsed time spent in this place.
 B = Non-inter-level travel time spent in this place.
 C = Inter-level travel time spent in this place.
 D = Time resting spent in this place.
 E = Time spent auto-exploring this place.
 F = Levels seen in this place.
 G = Mean time per level.
                   A        B        C        D        E       F      G
               +--------+--------+--------+--------+--------+-----+--------+
         Total |   1820 |   1733 |     87 |      0 |   1434 |   2 |  910.0 |
       Dungeon |   1820 |   1733 |     87 |      0 |   1434 |   2 |  910.0 |
               +--------+--------+--------+--------+--------+-----+--------+

Top non-repeatable levels by time:
     D:1: 1197 daAuts
     D:2: 623 daAuts
